 Dungeon Crawl Stone Soup version 0.27-a0-1220-g54dba09ff7 (webtiles) character file.

Game seed: 8875874980095079542

150 Froggeryz the Ruffian (level 5, -1/54 HPs)
             Began as an Ogre Monk on June 7, 2021.
             Was a Priest of Fedhas.
             Slain by a river rat (5 damage)
             ... in a sewer.
             The game lasted 00:04:41 (3669 turns).

Froggeryz the Ruffian (Ogre Monk)                   Turns: 3669, Time: 00:04:42

Health: -1/54      AC:  4    Str: 16    XL:     5   Next: 32%
Magic:  5/5        EV: 10    Int: 11    God:    Fedhas [***...]
Gold:   110        SH:  0    Dex: 11    Spells: 4/4 levels left

rFire    + . .     SeeInvis .     - Unarmed
rCold    . . .     Faith    .   (no shield)
rNeg     . . .     Spirit   .   a - +0 robe
rPois    .         Reflect  .   (helmet restricted)
rElec    .         Harm     .   k - +0 cloak {rCorr}
rCorr    +         Rampage  .   (gloves unavailable)
Will     +....     Clarity  +   (boots unavailable)
Stlth    ++........             (no amulet)
HPRegen  0.18/turn              (no ring)
MPRegen  0.09/turn              (no ring)

@: brilliant, about to teleport, attractive
A: large, unfitting armour, tough skin 1, clarity, fire resistance 1,
strong-willed 1
a: Renounce Religion, Wall of Briars, Grow Ballistomycete


You were in a sewer.
You worshipped Fedhas.
Fedhas was most pleased with you.
You visited 1 branch of the dungeon, and saw 3 of its levels.
You also visited: Sewer.

You collected 110 gold pieces.

Inventory:

Armour
 a - a +0 robe (worn)
 k - a +0 cloak of preservation (worn)
Wands
 j - a wand of iceblast (1)
 m - a wand of flame (21)


   Skills:
 - Level 4.0 Fighting
 + Level 3.7 Dodging
 - Level 1.4 Stealth
 * Level 4.6 Unarmed Combat


You had 4 spell levels left.
You didn't know any spells.
Your spell library contained the following spells:

 Spells                   Type           Power      Damage    Failure   Level
 Summon Small Mammal      Summ           0%         N/A       34%         1
 Call Imp                 Summ           0%         N/A       47%         2
 Call Canine Familiar     Summ           0%         N/A       71%         3
 Summon Guardian Golem    Hex/Summ       0%         N/A       71%         3
 Summon Ice Beast         Ice/Summ       0%         N/A       98%         4
 Summon Lightning Spire   Summ/Air       0%         N/A       98%         4


Dungeon Overview and Level Annotations

Branches:
Dungeon (3/15)              Sewer (1/1)

Altars:
Fedhas

Annotations:
D:3 Sigmund


Innate Abilities, Weirdness & Mutations

You are too large for most types of armour.
You have tough skin. (AC +1)
You possess an exceptional clarity of mind.
Your flesh is heat resistant. (rF+)
You are strong-willed. (Will+)


Message History

The river rat is pulled toward you!
It was a potion of brilliance.
You feel clever all of a sudden. The river rat bites you.
The river rat barely misses you.
It was a potion of curing.
You feel better. The river rat bites you! The river rat bites you.
As you read the scroll labelled YMAUFE JOYT, it crumbles to dust.
The creatures around you are filled with an inner flame!
It was a scroll of immolation.
The river rat barely misses you.
The river rat bites you but does no damage.
As you read the scroll labelled YSOTEDW ZUTZUFAN, it crumbles to dust.
You feel aware of your surroundings.
You sensed 1 altar, and 1 shop/portal.
It was a scroll of magic mapping.
The river rat bites you.
* * * LOW HITPOINT WARNING * * *
The river rat closely misses you.
As you read the scroll labelled FAXEIR GOSIOTI, it crumbles to dust.
It is a scroll of identify.
e - a scroll of teleportation The river rat barely misses you.
The river rat bites you.
* * * LOW HITPOINT WARNING * * *
As you read the scroll labelled QERGHU PANOR, it crumbles to dust.
Wisps of shadow whirl around you...
The shadows disperse without effect.
It was a scroll of summoning.
The river rat bites you!
* * * LOW HITPOINT WARNING * * *
The river rat barely misses you.
Okay, then.
You aren't carrying any potions.
Okay, then.
Okay, then.
Okay, then.
As you read the scroll of teleportation, it crumbles to dust.
You feel strangely unstable.
The river rat bites you but does no damage.
The river rat bites you.
* * * LOW HITPOINT WARNING * * *
You barely miss the river rat. You barely miss the river rat.
The river rat barely misses you. The river rat bites you.
You die...
Fedhas appreciates your contribution to the ecosystem.

*≈*
#≈#
#.#
#.#
#.#
#r#
#r#
#r#
#@#
#r#
#r#
#.#
#.#
#.#
#.#
###


You could see 3 river rats and 2 rats.

Vanquished Creatures
  A centaur zombie (D:3)
  Crazy Yiuf (D:2)
  4 adders
  2 dart slugs
  4 bats
  6 giant cockroaches
  3 hobgoblins
  9 quokkas
  3 ball pythons
  3 frilled lizards
  6 goblins
  7 kobolds
  4 rats
53 creatures vanquished.

Notes
Turn   | Place    | Note
-------+----------+-------------------------------------------
     0 | D:1      | Froggeryz the Ogre Monk began the quest for the Orb.
     0 | D:1      | Reached XP level 1. HP: 24/24 MP: 1/1
   417 | D:1      | Reached XP level 2. HP: 14/32 MP: 2/2
   686 | D:1      | You fall into a shaft and drop 1 floor!
  1153 | D:1      | Found a faded altar of an unknown god.
  1211 | D:1      | Reached XP level 3. HP: 38/39 MP: 3/3
  1240 | D:1      | Became a worshipper of Fedhas Madash
  1240 | D:1      | Reached * piety under Fedhas
  1240 | D:1      | Reached ** piety under Fedhas
  1877 | D:2      | Reached *** piety under Fedhas
  2490 | D:2      | Found a runed translucent door.
  2491 | D:2      | Noticed Crazy Yiuf
  2600 | D:2      | Reached XP level 4. HP: 34/48 MP: 4/4
  2899 | D:2      | Killed Crazy Yiuf
  3166 | D:3      | Noticed Sigmund
  3354 | D:3      | Reached XP level 5. HP: 34/54 MP: 5/5
  3622 | D:3      | Found a glowing drain.
  3657 | Sewer    | Entered a sewer
  3660 | Sewer    | Gained mutation: You possess an exceptional clarity of
                  | mind. [potion of mutation]
  3660 | Sewer    | Gained mutation: Your flesh is heat resistant. (rF+)
                  | [potion of mutation]
  3660 | Sewer    | Gained mutation: You are strong-willed. (Will+) [potion of
                  | mutation]
  3669 | Sewer    | Slain by a river rat

Illustrated notes

Levels and vault maps discovered:
D:1:      minmay_arrival_jagged, layout_loops_ring,
          ebering_ecumenical_altar_rust, minmay_splitting_lines
D:2:      layout_basic, minivault_11, uniq_crazy_yiuf_cottage
D:3:      layout_loops_ring, gup_sewer_entry_pipe, grunt_decor_resistance,
          uniq_sigmund
Sewer:    sewer_kobolds

Skill      XL: |  1  2  3  4 |
---------------+-------------+-----
Unarmed Combat | 3 4 |  4.6
Dodging        | 3 |  3.7
Fighting       | |  4.0
Stealth        | |  1.4

Action                   |  1- 3 |  4- 6 || total
-------------------------+-------+-------++-------
Melee: Unarmed           |   185 |   101 ||   286
       Punch             |       |     1 ||     1
Evoke: Wand              |       |     1 ||     1
  Use: Potion            |     1 |     4 ||     5
       Scroll            |       |     5 ||     5
 Stab: Sleeping          |     3 |     3 ||     6
Armor: Robe              |    45 |    25 ||    70
Dodge: Dodged            |    91 |    54 ||   145

Table legend: (Time is in decaauts)
 A = Elapsed time spent in this place.
 B = Non-inter-level travel time spent in this place.
 C = Inter-level travel time spent in this place.
 D = Time resting spent in this place.
 E = Time spent auto-exploring this place.
 F = Levels seen in this place.
 G = Mean time per level.
                   A        B        C        D        E       F      G
               +--------+--------+--------+--------+--------+-----+--------+
         Total |   3658 |   3453 |    205 |    587 |   2249 |   4 |  914.5 |
       Dungeon |   3646 |   3441 |    205 |    587 |   2249 |   3 | 1215.3 |
         Sewer |     11 |     11 |      0 |      0 |      0 |   1 |   11.0 |
               +--------+--------+--------+--------+--------+-----+--------+

Top non-repeatable levels by time:
     D:2: 1730 daAuts
     D:1: 1506 daAuts
     D:3: 409 daAuts
   Sewer: 11 daAuts
